AoeStats
← anton.fenix

Oasis

509169979Analyzed
4v4 RM · 7d ago on Sep 25, 2026· 57m 34s· 8 players
Game mode
Random Map
Map size
Large (8 player)
Population
200
Speed
Normal
Resources
Standard
Victory
Conquest
Starting age
Dark Age
Ending age
Imperial Age
RankedLock teamsTeams togetherTeam positionsShared explorationLock speedFull tech treeHidden civsTurbo modeCheats
Victory
Defeat
🇷🇺 Shu · Russia
957
+10
🇷🇺 Jurchens · Russia
732
+19
🇷🇺 Sicilians · Russia
727
+19
🇷🇺 Huns · Russia
721
+19
🇫🇷 Danes · France
896
-20
🇫🇷 Bohemians · France
868
-20
🇫🇷 Franks · France
750
-15
🇫🇷 Slavs · France
694
-12
Tonny
11:41 Feudal Age
11:06 Loom
12:15 Horse Collar
12:21 Double-Bit Axe
19:48 Castle Age
18:22 Town Watch
19:18 Scale Barding Armor
19:26 Bloodlines
19:14 Gold Mining
21:20 Husbandry
21:57 Bow Saw
22:26 Chain Barding Armor
22:31 Fervor
24:41 Caravan
25:38 Forging
29:52 Stone Mining
31:57 Wheelbarrow
31:29 Town Patrol
33:05 Gold Shaft Mining
33:25 Iron Casting
33:42 Treadmill Crane
38:14 Siege Engineers
38:51 Hand Cart
43:10 Imperial Age
41:39 Fletching
42:11 Ballistics
41:47 Murder Holes
42:16 Masonry
42:45 Bodkin Arrow
44:06 Elite Steppe Lancer
45:20 Conscription
45:51 Stone Shaft Mining
48:34 Thunderclap Bombs
52:28 Plate Barding Armor
53:13 Blast Furnace
Garbak
10:36 Feudal Age
9:46 Loom
13:35 Man-at-Arms
15:08 Wheelbarrow
16:05 Forging
15:57 Scale Mail Armor
22:09 Castle Age
22:31 Fletching
22:42 Padded Archer Armor
27:12 Double-Bit Axe
29:00 Horse Collar
30:26 Arson
31:20 Iron Casting
31:02 Bow Saw
30:58 Elite Skirmisher
31:53 Squires
31:44 Gambesons
31:23 Long Swordsman
32:47 Stone Mining
32:49 Gold Mining
36:13 Ballistics
39:11 Hand Cart
38:42 Town Watch
41:13 Chain Mail Armor
41:16 Leather Archer Armor
48:01 Imperial Age
47:10 Gold Shaft Mining
47:11 Stone Shaft Mining
46:52 Heavy Plow
47:09 Masonry
46:54 Murder Holes
46:23 Pikeman
47:01 Bodkin Arrow
47:13 Scale Barding Armor
48:25 Caravan
49:37 Elite Serjeant
52:41 Town Patrol
54:16 Blast Furnace
53:25 Halberdier
54:40 Plate Mail Armor
55:59 Crop Rotation
55:37 Bracer
55:58 Chain Barding Armor
55:03 Two-Handed Swordsman
kapusta
4:44 Loom
10:58 Feudal Age
11:24 Double-Bit Axe
19:27 Castle Age
17:24 Fletching
17:55 Padded Archer Armor
20:03 Bodkin Arrow
19:30 Crossbowman
23:27 Thumb Ring
23:40 Leather Archer Armor
26:57 Bow Saw
26:42 Horse Collar
30:06 Wheelbarrow
29:51 Town Watch
30:11 Heavy Plow
31:14 Gold Mining
32:47 Hand Cart
32:45 Husbandry
32:12 Elite Skirmisher
35:05 Gold Shaft Mining
34:23 Stone Mining
37:31 Imperial Age
36:21 Town Patrol
36:53 Caravan
37:45 Coinage
37:31 Coiled Serpent Array
37:34 Scale Mail Armor
37:46 Forging
38:27 Guilds
38:58 Conscription
39:22 Ballistics
40:04 Chemistry
38:45 Treadmill Crane
39:45 Bracer
40:15 Ring Archer Armor
40:08 Siege Engineers
40:28 Arbalester
41:22 Treadmill Crane
43:59 Chemistry
45:28 Banking
49:01 Masonry
48:51 Onager
50:31 Bolt Magazine
50:53 Chain Mail Armor
54:38 Architecture
53:34 Elite White Feather Guard
54:52 Hoardings
anton.fenix
12:21 Feudal Age
10:40 Loom
16:48 Bloodlines
19:32 Scale Barding Armor
22:47 Castle Age
21:54 Double-Bit Axe
23:10 Fletching
23:23 Padded Archer Armor
28:14 Bow Saw
28:20 Horse Collar
28:47 Husbandry
29:42 Ballistics
29:58 Ballistics
29:36 Murder Holes
29:31 Town Watch
30:24 Wheelbarrow
30:22 Caravan
32:24 Thumb Ring
33:14 Hand Cart
34:32 Masonry
34:45 Gold Mining
34:46 Stone Mining
35:44 Leather Archer Armor
36:12 Town Patrol
36:46 Forging
38:59 Heavy Plow
40:22 Chain Barding Armor
40:03 Scale Mail Armor
40:38 Iron Casting
45:56 Imperial Age
44:49 Bodkin Arrow
47:15 Parthian Tactics
46:11 Heavy Cavalry Archer
47:38 Plate Barding Armor
47:03 Bracer
48:04 Blast Furnace
48:09 Chemistry
49:21 Chain Mail Armor
Lorbyron
11:53 Feudal Age
12:39 Double-Bit Axe
16:29 Wheelbarrow
20:37 Castle Age
20:18 Stone Mining
20:21 Gold Mining
22:02 Padded Archer Armor
21:53 Fletching
Merlouche
2:55 Loom
9:23 Feudal Age
13:36 Horse Collar
13:44 Double-Bit Axe
19:14 Castle Age
19:57 Forging
19:38 Fletching
19:40 Crossbowman
21:31 Bodkin Arrow
26:07 Pikeman
26:48 Squires
27:34 Ballistics
27:51 Iron Casting
27:18 Padded Archer Armor
27:18 Scale Mail Armor
30:48 Gold Mining
31:21 Masonry
32:37 Gold Shaft Mining
31:54 Stone Mining
32:30 Heavy Plow
35:55 Hamask
38:50 Leather Archer Armor
38:51 Chain Mail Armor
41:31 Imperial Age
40:18 Stone Shaft Mining
39:35 Town Watch
41:59 Thumb Ring
43:24 Chemistry
43:31 Conscription
43:14 Murder Holes
44:15 Elite Varangian Guard
44:16 Halberdier
46:11 Blast Furnace
45:11 Bracer
46:20 Ring Archer Armor
46:20 Plate Mail Armor
46:39 Hoardings
46:27 Arson
47:01 Gambesons
Ahazeuyfe
13:19 Feudal Age
22:31 Castle Age
32:53 Double-Bit Axe
41:11 Bow Saw
46:25 Caravan
Triton
6:18 Loom
10:45 Feudal Age
19:56 Castle Age
18:41 Double-Bit Axe
19:27 Horse Collar
21:03 Fletching
21:36 Crossbowman
22:52 Padded Archer Armor
24:20 Bodkin Arrow
29:44 Bow Saw
31:25 Chemistry
31:00 Ballistics
30:25 Elite Skirmisher
32:05 Leather Archer Armor
39:24 Imperial Age
38:08 Heavy Plow
38:37 Forging
40:31 Wheelbarrow
41:24 Bracer
41:55 Ring Archer Armor
41:26 Arbalester
43:00 Iron Casting
51:27 Caravan
Connection lost

Rejoining the realm…

Still unreachable

The connection could not be restored.

Session expired

The server has moved on; the page needs a fresh start.